 Dungeon Crawl Stone Soup version 0.29.1-13-g9f3cf754e1 (webtiles) character file.

Game seed: 4198256826222536295

22 wolfrpgdude the Trooper (level 2, 0/27 HPs)
             Began as a Hill Orc Fighter on Feb 4, 2023.
             Slain by Crazy Yiuf
             ... wielding a +3 quarterstaff of chaos
              (7 damage)
             ... on level 2 of the Dungeon.
             The game lasted 00:01:19 (859 turns).

wolfrpgdude the Trooper (Hill Orc Fighter)           Turns: 859, Time: 00:01:20

Health: 0/27       AC:  8    Str: 18    XL:     2   Next: 91%
Magic:  2/2        EV:  9    Int:  8    God:
Gold:   17         SH:  4    Dex: 10    Spells: 1/1 levels left

rFire   . . .      SeeInvis .   a - +0 war axe
rCold   . . .      Faith    .   c - +0 buckler
rNeg    . . .      Spirit   .   b - +0 scale mail
rPois   .          Reflect  .   (no helmet)
rElec   .          Harm     .   e - +0 cloak
rCorr   .          Rampage  .   (no gloves)
Will    .....                   (no boots)
Stlth   ..........              (no amulet)
HPRegen 0.09/turn               (no ring)
MPRegen 0.08/turn               (no ring)

@: no status effects
A: no striking features
a: no special abilities


You were on level 2 of the Dungeon.
You visited 1 branch of the dungeon, and saw 2 of its levels.

You collected 17 gold pieces.

Inventory:

Hand Weapons
 a - a +0 war axe (weapon)
Armour
 b - a +0 scale mail (worn)
 c - a +0 buckler (worn)
 e - a +0 cloak (worn)
Scrolls
 f - 2 scrolls of identify {unknown}
 g - a scroll of vulnerability {unknown}
 i - a scroll of enchant weapon {unknown}
 k - a scroll of blinking {unknown}
 l - a scroll of fear {unknown}
Potions
 d - a potion of might
 h - a potion of magic {unknown}
 j - a potion of lignification {unknown}


   Skills:
 + Level 3.9 Fighting
 + Level 3.1 Axes
 + Level 3.5 Armour
 + Level 3.7 Shields


You had one spell level left.
You didn't know any spells.
Your spell library contained the following spells:

 Spells                   Type           Power      Damage    Failure   Level
 Magic Dart               Conj           0%         1d3       87%         1
 Call Imp                 Summ           0%         N/A       95%         2
 Sublimation of Blood     Necr           0%         N/A       95%         2
 Wereblood                Tmut           0%         N/A       95%         2
 Inner Flame              Hex/Fire       0%         N/A       99%         3
 Mephitic Cloud           Conj/Pois/Air  0%         N/A       99%         3
 Ozocubu's Armour         Ice            0%         N/A       99%         3
 Cause Fear               Hex            0%         N/A       100%        4
 Metabolic Englaciation   Hex/Ice        0%         N/A       100%        5
 Simulacrum               Ice/Necr       0%         N/A       100%        6
 Summon Hydra             Summ           0%         N/A       100%        7
 Discord                  Hex            0%         N/A       100%        8


Dungeon Overview and Level Annotations

Branches:
Dungeon (2/15)

Altars:

Annotations:
D:2 Crazy Yiuf


Message History

No target in view!
No target in view!
No target in view!
No target in view!
You open the door.
A ball python comes into view.
The ball python hisses angrily.
You block the ball python's attack. The ball python barely misses you.
There is an open door here.
You slash the ball python!
You kill the ball python!
No target in view!
No target in view!
No target in view!
No target in view!
No target in view!
No target in view!
No target in view!
No target in view!
No target in view!
No target in view!
No target in view!
No target in view!
No target in view!
No target in view!
You see here a ball python corpse.
Found a hammer.
Found a runed translucent door.
Crazy Yiuf shouts!
You open the door. You slash Crazy Yiuf!
Crazy Yiuf is heavily wounded.
Crazy Yiuf says, "Blight forty-two cloud!"
Crazy Yiuf hits you with a +3 quarterstaff of chaos!
Crazy Yiuf freezes you!
* * * LOW HITPOINT WARNING * * *
You barely miss Crazy Yiuf.
Crazy Yiuf is heavily wounded.
Crazy Yiuf whimpers, "Defame return to song tired!"
Crazy Yiuf hits you with a +3 quarterstaff of chaos!
You die...

........
#####....#
#.##....
#....#
#.##....
♣....♣
.......
♣♣...♣
#.##...
♣♣.♣♣ ....
♣♣.♣
.....#
♣.♣♣
.......
♣♣.♣
.....#.
♣@♣♣
###### #g#
... #...#
#)..#
#####


You could see Crazy Yiuf.

Vanquished Creatures
  2 dart slugs (D:1)
  2 endoplasms (D:1)
  4 goblins (D:1)
  2 hobgoblins
  A kobold (D:2)
  2 ball pythons
  3 frilled lizards (D:1)
  A rat (D:1)
17 creatures vanquished.

Notes
Turn   | Place    | Note
-------+----------+-------------------------------------------
     0 | D:1      | wolfrpgdude the Hill Orc Fighter began the quest for the
                  | Orb.
     0 | D:1      | Reached XP level 1. HP: 19/19 MP: 1/1
   207 | D:1      | Reached XP level 2. HP: 26/27 MP: 2/2
   474 | D:1      | Found a faded altar of an unknown god.
   853 | D:2      | Found a runed translucent door.
   854 | D:2      | Noticed Crazy Yiuf
   859 | D:2      | Slain by Crazy Yiuf

Illustrated notes

Levels and vault maps discovered:
D:1:      dpeg_arrival_rooms_c, layout_basic, ebering_ecumenical_altar_petrified
D:2:      layout_basic, uniq_crazy_yiuf_cottage

Skill      XL: |  1  2 |
---------------+-------+-----
Axes           | 3 |  3.1
Fighting       | |  3.9
Armour         | |  3.5
Shields        | |  3.7

Action                   || total
-------------------------++-------
Melee: War axe           ||    41
Armor: Scale mail        ||    12
Dodge: Dodged            ||    18
Block: Buckler           ||     8
